 Dungeon Crawl Stone Soup version 0.29-a0-1043-g569b05d6ff (webtiles) character file.

Game seed: 5936589333229170074

339 siradein the Shield-Bearer (level 6, -1/61 HPs)
             Began as a Troll Fighter on Aug 15, 2022.
             Slain by a gnoll
             ... wielding a +0 halberd
              (13 damage)
             ... on level 4 of the Dungeon.
             The game lasted 00:03:29 (2449 turns).

siradein the Shield-Bearer (Troll Fighter)          Turns: 2449, Time: 00:03:30

Health: -1/61      AC:  4    Str: 25    XL:     6   Next: 29%
Magic:  5/5        EV:  9    Int:  4    God:
Gold:   193        SH:  8    Dex: 11    Spells: 5/5 levels left

rFire   . . .      SeeInvis .     - Unarmed
rCold   . . .      Faith    .   b - +0 kite shield
rNeg    . . .      Spirit   .   a - +0 robe
rPois   +          Reflect  .   (helmet restricted)
rElec   .          Harm     .   (no cloak)
rCorr   .          Rampage  .   (gloves unavailable)
Will    +....                   (boots unavailable)
Stlth   +.........              (no amulet)
HPRegen 1.00/turn               g - ring of willpower
MPRegen 0.09/turn               o - ring of poison resistance

@: no status effects
A: large, unfitting armour, claws 3, regeneration 1, shaggy fur 1, tough skin 1
a: no special abilities


You were on level 4 of the Dungeon.
You visited 1 branch of the dungeon, and saw 4 of its levels.

You collected 193 gold pieces.

Inventory:

Armour
 a - a +0 robe (worn)
 b - a +0 kite shield (worn)
Jewellery
 g - a ring of willpower (left claw)
 o - a ring of poison resistance (right claw)
Scrolls
 e - a scroll of amnesia {unknown}
 f - 3 scrolls of teleportation {unknown}
 h - a scroll of enchant weapon {unknown}
 i - a scroll of blinking {unknown}
 k - a scroll of silence {unknown}
 m - 4 scrolls of identify {unknown}
Potions
 c - 3 potions of might
 d - a potion of ambrosia {unknown}
 j - 3 potions of brilliance {unknown}
 l - 3 potions of curing {unknown}
 n - 3 potions of attraction {unknown}


   Skills:
 + Level 3.5 Fighting
 + Level 3.6 Dodging
 + Level 4.0 Shields
 + Level 3.7 Unarmed Combat


You had 5 spell levels left.
You didn't know any spells.
Your spell library contained the following spells:

 Spells                   Type           Power      Damage    Failure   Level
 Magic Dart               Conj           0%         1d3       78%         1
 Searing Ray              Conj           0%         2d4       89%         2
 Sublimation of Blood     Necr           0%         N/A       89%         2
 Wereblood                Tmut           0%         N/A       89%         2
 Fulminant Prism          Conj/Hex       0%         3d6       100%        4
 Summon Hydra             Summ           0%         N/A       100%        7


Dungeon Overview and Level Annotations

Branches:
Dungeon (4/15)
 Temple: D:4-7

Altars:


Innate Abilities, Weirdness & Mutations

You are too large for most types of armour.
You have claws for hands.
Your natural rate of healing is unusually fast.
You are covered in fur. (AC +1)
You have tough skin. (AC +1)


Message History

You kill the goblin!
The hobgoblin closely misses you. You block the gnoll's attack.
The gnoll closely misses you.
You scratch the gnoll.
The gnoll is moderately wounded.
You block the hobgoblin's attack. The gnoll hits you with a +0 flail!
You block the gnoll's attack.
A gnoll comes into view. It is wielding a +0 spear.
You scratch the gnoll.
The gnoll is severely wounded.
The hobgoblin closely misses you. You block the gnoll's attack.
The gnoll hits you from afar with a +0 halberd.
You barely miss the gnoll.
The gnoll is severely wounded.
You block the hobgoblin's attack. The gnoll hits you with a +0 flail!
The gnoll hits you from afar with a +0 halberd!
You are too injured to fight recklessly!
You are too injured to fight recklessly!
You are too injured to fight recklessly!
Unknown command.
The gnoll attacks as you move away! The gnoll hits you with a +0 flail.
* * * LOW HITPOINT WARNING * * *
The hobgoblin hits you.
* * * LOW HITPOINT WARNING * * *
The hobgoblin barely misses you.
The ball python bites you but does no damage.
The hobgoblin attacks as you move away! You block the hobgoblin's attack.
The hobgoblin attacks as you move away! You block the hobgoblin's attack.
You scratch the hobgoblin.
You kill the hobgoblin!
You claw the gnoll!
You kill the gnoll!
You block the gnoll's attack.
Things that are here:
a +0 flail; a hobgoblin corpse The gnoll hits you but does no damage.
The gnoll closely misses you. The gnoll hits you with a +0 halberd!
* * * LOW HITPOINT WARNING * * *
The gnoll hits you from afar with a +0 halberd!
You die...

..#. #.# ###... #.#
....# #.# ....# #.#
# #..###.#####.#.
#..............
#..###.........
######S....<........
#..@.gg)######..#...
#.####g.# .... #.
#..... #... #.
#..#### h. .# .... .
# ##.### #.# .#


You could see 3 gnolls and a ball python.

Vanquished Creatures
  The ghost of siradein the Shooter, an amateur DEHu (D:3)
  Natasha (thrice) (D:2)
  An orc wizard (D:3)
  3 adders
  8 gnolls
  A worm (D:3)
  2 dart slugs (D:1)
  5 orcs (D:3)
  4 ball pythons
  5 endoplasms
  2 giant cockroaches
  5 goblins
  4 hobgoblins
  2 quokkas
  5 bats
  5 frilled lizards
  9 kobolds
  8 rats
73 creatures vanquished.

Notes
Turn   | Place    | Note
-------+----------+-------------------------------------------
     0 | D:1      | siradein the Troll Fighter began the quest for the Orb.
     0 | D:1      | Reached XP level 1. HP: 22/22 MP: 0/0
   119 | D:1      | Reached XP level 2. HP: 29/29 MP: 1/1
   371 | D:1      | Reached skill level 3 in Shields
   572 | D:1      | Reached XP level 3. HP: 36/36 MP: 2/2
   971 | D:2      | Noticed Natasha
   977 | D:2      | Killed Natasha
  1080 | D:2      | Noticed Natasha
  1090 | D:2      | Killed Natasha
  1091 | D:2      | Reached XP level 4. HP: 37/44 MP: 3/3
  1102 | D:2      | Noticed Natasha
  1112 | D:2      | Killed Natasha
  1448 | D:2      | Reached XP level 5. HP: 48/53 MP: 4/4
  1978 | D:3      | Found a faded altar of an unknown god.
  2107 | D:3      | Found a runed translucent door.
  2107 | D:3      | Noticed siradein's ghost (amateur DEHu)
  2391 | D:3      | Killed siradein's ghost
  2392 | D:3      | Reached skill level 4 in Shields
  2392 | D:3      | Reached XP level 6. HP: 58/61 MP: 5/5
  2449 | D:4      | Slain by a gnoll

Illustrated notes

Levels and vault maps discovered:
D:1:      sevenhm_arrival_forest_fort_small_4, layout_basic
D:2:      layout_loops_cross, uniq_natasha
D:3:      layout_basic, gammafunk_ghost_grave,
          ebering_ecumenical_altar_abandoned, dk_noncrumbling_2
D:4:      layout_loops_ring, minmay_temple_entry_purple_smoke,
          dreamdust_gnoll_farm, uniq_pikel

Skill      XL: |  1  2  3  4  5 |
---------------+----------------+-----
Shields        | 3 4 |  4.0
Dodging        | 3 |  3.6
Fighting       | 3 |  3.5
Unarmed Combat | 3 |  3.7

Action                   |  1- 3 |  4- 6 || total
-------------------------+-------+-------++-------
Melee: Unarmed           |    81 |   108 ||   189
 Stab: Sleeping          |       |     1 ||     1
Armor: Robe              |    38 |    18 ||    56
Dodge: Dodged            |    26 |    34 ||    60
Block: Kite shield       |    20 |    50 ||    70

Table legend: (Time is in decaauts)
 A = Elapsed time spent in this place.
 B = Non-inter-level travel time spent in this place.
 C = Inter-level travel time spent in this place.
 D = Time resting spent in this place.
 E = Time spent auto-exploring this place.
 F = Levels seen in this place.
 G = Mean time per level.
                   A        B        C        D        E       F      G
               +--------+--------+--------+--------+--------+-----+--------+
         Total |   2466 |   2404 |     62 |      0 |   1978 |   4 |  616.5 |
       Dungeon |   2466 |   2404 |     62 |      0 |   1978 |   4 |  616.5 |
               +--------+--------+--------+--------+--------+-----+--------+

Top non-repeatable levels by time:
     D:3: 914 daAuts
     D:1: 880 daAuts
     D:2: 647 daAuts
     D:4: 24 daAuts
